 Dungeon Crawl Stone Soup version 0.21.1-1-g345015fe64 (webtiles) character file.

94 JarielCorvus the Skirmisher (level 4, -2/29 HPs)
             Began as a Gargoyle Fighter on July 14, 2018.
             Slain by a gnoll
             ... wielding a cursed -3 halberd
              (4 damage)
             ... on level 3 of the Dungeon.
             The game lasted 00:03:54 (1667 turns).

JarielCorvus the Skirmisher (Gargoyle Fighter)      Turns: 1667, Time: 00:03:54

Health: -2/29      AC: 10    Str: 20    XL:     4   Next: 63%
Magic:  4/4        EV:  9    Int: 12    God:
Gold:   124        SH:  0    Dex:  9    Spells: 3/3 levels left

rFire    . . .     SeeInvis .   o - +0 great sword
rCold    . . .     Gourm    .   (shield currently unavailable)
rNeg     + . .     Faith    .   b - +0 scale mail
rPois    ∞         Spirit   .   (no helmet)
rElec    +         Reflect  .   (no cloak)
rCorr    .         Harm     .   (no gloves)
MR       .....                  (no boots)
Stlth    ..........             (no amulet)
HPRegen  0.09/turn              i - +3 ring of intelligence
MPRegen  0.09/turn              (no ring)

@: no status effects
A: negative energy resistance 1, electricity resistance, unbreathing,
petrification resistance, rot immunity, AC +3
a: no special abilities


You were on level 3 of the Dungeon.
You were not hungry.

You visited 1 branch of the dungeon, and saw 3 of its levels.

You collected 124 gold pieces.

Inventory:

Hand Weapons
 a - a +1 long sword
 o - a +0 great sword (weapon)
Missiles
 k - 2 tomahawks (quivered)
Armour
 b - a +0 scale mail (worn)
 c - a +0 shield
 n - a +0 chain mail
Jewellery
 i - a +3 ring of intelligence (left hand)
Wands
 m - a wand of digging (19)
Scrolls
 g - a scroll of remove curse
Potions
 d - a potion of might
 e - a potion of curing {unknown}
 h - a potion of agility {unknown}
 j - 2 potions of berserk rage {unknown}
 l - a potion of ambrosia {unknown}
Comestibles
 f - 6 rations


   Skills:
 * Level 4.3 Fighting
 + Level 2.3 Long Blades
 * Level 4.2 Armour
 + Level 3.7 Shields


You had 3 spell levels left.
You didn't know any spells.

Dungeon Overview and Level Annotations

Branches:
Dungeon (3/15)

Altars:


Innate Abilities, Weirdness & Mutations

You are resistant to torment.
Your stone body is resilient. (AC +3)
You are immune to poison.
You resist negative energy. (rN+)
You are resistant to electric shocks. (rElec)
You can survive without breathing.
You are immune to petrification.
You are immune to rotting.


Message History

You hit the adder.
The adder is lightly wounded.
The adder barely misses you. The adder closely misses you.
You riposte.
You miss the adder.
The adder is lightly wounded.
You slash the adder!
You kill the adder!
The gnoll hits you but does no damage. The gnoll hits you.
* * * LOW HITPOINT WARNING * * *
You slice the gnoll!!
You kill the gnoll!
The gnoll barely misses you. The gnoll hits you but does no damage.
The gnoll closely misses you. The gnoll barely misses you.
The gnoll barely misses you. x2; You riposte.
You closely miss the gnoll.
You see here a gnoll corpse.
You barely miss the gnoll. The gnoll barely misses you.
You riposte.
You slash the gnoll!
The gnoll is heavily wounded.
The gnoll hits you with a halberd.
You die...

#.....#.......#....#..........#
##########....#....#..........#
#.......####............
#.......# #........###.#
######### #...###....#..
###...####.########.# #
###......#.........# .#
##......gg#....####.# #
##.....###@#....# ##....###
#......# ##...### #......#
###...## #......# ###....##
#......# #.....## #......#
.....## #........ ...###
#......... .### #.####....


You could see 2 gnolls.

Vanquished Creatures
  Ijyb (D:3)
  A gnoll (D:3)
  An adder (D:3)
  An ooze (D:2)
  A worm (D:2)
  3 leopard geckos
  A ball python (D:2)
  3 giant cockroaches
  6 goblins
  6 hobgoblins
  4 kobolds
  2 quokkas (D:3)
  5 bats
  3 rats
38 creatures vanquished.

Notes
Turn   | Place    | Note
-------+----------+-------------------------------------------
     0 | D:1      | JarielCorvus the Gargoyle Fighter began the quest for the Orb.
     0 | D:1      | Reached XP level 1. HP: 14/14 MP: 1/1
   158 | D:1      | Reached XP level 2. HP: 18/19 MP: 2/2
   458 | D:1      | Reached XP level 3. HP: 24/24 MP: 3/3
  1554 | D:3      | Noticed Ijyb
  1576 | D:3      | Killed Ijyb
  1576 | D:3      | Reached XP level 4. HP: 19/29 MP: 4/4
  1667 | D:3      | Slain by a gnoll

Skill      XL: |  1  2  3 |
---------------+----------+-----
Long Blades    | 2 |  2.3
Fighting       | 4 |  4.3
Armour         | 4 |  4.2
Shields        | |  3.7

Action                   |  1- 3 |  4- 6 || total
-------------------------+-------+-------++-------
Melee: Long sword        |   117 |       ||   117
       Great sword       |       |    11 ||    11
  Use: Scroll            |     4 |       ||     4
  Eat: Ration            |     1 |       ||     1
Armor: Scale mail        |    47 |    16 ||    63
Dodge: Dodged            |    38 |    25 ||    63
Block: Shield            |    57 |       ||    57
       Rpst.: Long sword |     8 |       ||     8
       Great sword       |       |     7 ||     7
